cohdb
Replays
Latest Replays
All Replays
Popular Replays
Top Player Replays
Match Explorer
How It Works
Community
CoH3 Stats
Reddit
Sign in to upload your games and track your stats! →
Sign in with Steam
Match 28670303
Unlisted
Match 28670303
Overview
Messages
Build Orders
End
Kettenkrad Recon Vehicle
Construct Infanterie Kompanie
Grenadier Squad
GrW 34 Mortar Team
Grenadier Squad
Grenadier Squad
Infanterie Officer Quarters
Construct Panzergrenadier Kompanie
Pak 40 Anti-tank Gun Team
Selects Mechanized Battlegroup
Selects Raid Package
Selects 8 Rad Armored Car
8 Rad Armored Car
Panzergrenadier Squad
Panzergrenadier Squad
Panzergrenadier Officer Quarters
Selects UNKNOWN (2160084)
Construct Panzer Kompanie
Panther Heavy Tank
Selects Spotting Scopes
Selects Stoßtruppen Assault Package
Selects Mechanized Assault
Rolling9Deep
Cool Whhip
ohmygod321
CAuMOH
0
0
Comments
sign in to comment!
No comments posted yet!